 Dungeon Sprint DCSS version 0.32-a0-666-ge8a88695a4 (webtiles) character file.

Game seed: 14369689710425562024

13612 rocky1 the Severer (level 11, -10/114 HPs)
             Began as a Mountain Dwarf Fighter on Mar 10, 2024.
             Was an Initiate of Gozag.
             Mangled by a sun demon (19 damage)
             ... summoned by Frances
             ... in the Dungeon (Sprint VII: "The Pits").
             The game lasted 00:13:05 (5398 turns).

rocky1 the Severer (Mountain Dwarf Fighter)         Turns: 5398, Time: 00:13:06

Health: -10/114    AC: 28    Str: 22    XL:     11   Next: 77%
Magic:  16/16      EV:  8    Int: 13    God:    Gozag
Gold:   3807       SH:  6    Dex:  9    Spells: 9/17 levels left

rFire   . . .        b - +1 broad axe (elec)
rCold   . . .        c - +0 buckler
rNeg    . . .        n - +5 plate armour of Japlul {rPois Regen+}
rPois   +            (no helmet)
rElec   .            u - +0 cloak
rCorr   .            t - +0 pair of gloves
SInv    .            (no boots)
Will    +....        (no amulet) Stlth
                     q - +3 ring of protection
HPRegen 1.19/turn    r - +3 ring of intelligence
MPRegen 0.15/turn

%: no teleportation
@: gold aura
A: runic magic, artefact enchanting
a: Renounce Religion, Potion Petition, Call Merchant, Bribe Branch


You were in the Dungeon.
You worshipped Gozag.
Gozag was most pleased with you.
You visited 1 branch You collected 6502 gold pieces.
You spent 896 gold pieces at shops.
You paid 1799 gold pieces to Gozag.

Inventory:

Hand Weapons
 b - a +1 broad axe of electrocution (weapon)
 p - a +2 mace of protection
Missiles
 a - 2 curare-tipped darts
 x - 27 poisoned darts (quivered)
 B - 4 javelins
Armour
 c - a +0 buckler (worn)
 n - the +5 plate armour of Japlul (worn) {rPois Regen+}
   (You bought it in a shop in the Dungeon)

   rPois:     It protects you from poison.
   Regen+:    It increases your rate of health regeneration.
 t - a +0 pair of gloves (worn)
 u - a +0 cloak (worn)
Jewellery
 q - a +3 ring of protection (left hand)
 r - a +3 ring of intelligence (right hand)
 y - a ring of willpower
 C - a ring of see invisible
 D - a ring of wizardry
Scrolls
 l - 2 scrolls of vulnerability
 m - 5 scrolls of amnesia
 o - a scroll of enchant weapon
 z - 5 scrolls of identify
 F - 4 scrolls of enchant armour
 G - 4 scrolls of fear
 H - 5 scrolls of fog
Potions
 d - 4 potions of might
 e - 6 potions of curing
 f - 6 potions of heal wounds
 g - a potion of haste
 h - 4 potions of magic
 i - a potion of berserk rage
 k - 2 potions of invisibility
 s - 2 potions of mutation
 w - 2 potions of brilliance
 A - 2 potions of resistance


   Skills:
 + Level 15.7 Fighting
 - Level 16.3(18.7) Axes
 - Level 15.3(18.2) Maces & Flails
 + Level 0.1 Throwing
 + Level 14.9 Armour
 + Level 3.1 Dodging
 - Level 3.2 Stealth
 + Level 11.7 Shields
 * Level 3.9 Spellcasting
 * Level 5.8 Fire Magic


You had 9 spell levels left.
You knew the following spells:

 Your Spells              Type           Power      Damage    Failure   Level
a - Ignition              Fire           8%         3d5       100%        8

Your spell library contained the following spells:

 Spells                   Type           Power      Damage    Failure   Level
 Ignite Poison            Fire/Alch      10%        N/A       77%         4
 Sticky Flame             Fire/Alch      10%        2d5       77%         4


Dungeon Overview and Level Annotations

Branches:
Dungeon (1/1)

Altars:
Ashenzari
Cheibriados
Dithmenos
Elyvilon
Fedhas
Gozag
Hepliaklqana
Kikubaaqudgha
Makhleb
Nemelex Xobeh
Okawaru
Qazlal
Ru
Sif Muna
Trog
Uskayaw
Vehumet
Wu Jian
Xom
Yredelemnul
Zin
The Shining One
Beogh
Jiyva
Lugonu

Shops:
D *

Annotations:
D Frances


Innate Abilities, Weirdness & Mutations

Your spellcasting is much less encumbered by armour.
You can use scrolls of enchantment on lesser artefacts.


Message History

Frances hits you but does no damage. The smoke demon gestures at you.
Something smites you!
You closely miss Frances.
Frances is moderately wounded.
You closely miss the smoke demon. Frances hits you but does no damage.
You slice Frances!!
Frances is moderately wounded.
You hit the sun demon. You slash Frances!
Frances is heavily wounded.
You slash the sun demon! Frances hits you with a +0 glaive!!
You block the sun demon's attack.
You are too injured to fight recklessly!
You are too injured to fight recklessly!
Unknown command.
You closely miss Frances.
Frances is heavily wounded.
You barely miss the sun demon.
Frances is distracted by your dazzling golden aura.
The sun demon hits you.
You are engulfed in flames!
Frances shouts!
You barely miss Frances.
Frances is no longer distracted by gold.
Frances is heavily wounded.
You hit the sun demon.
The sun demon hits you but does no damage.
Unknown command.
You slice Frances!!
Frances is heavily wounded.
You barely miss the sun demon. The smoke demon gestures at you.
Something smites you!
* * * LOW HITPOINT WARNING * * *
Frances chants phrases taken from a devil's mouth.
The shard of ice misses you. The sun demon hits you!!
* * * LOW HITPOINT WARNING * * *
You are engulfed in flames!!
You die...
Your body crumbles into a pile of gold.

#################+#
..................#
..................#
++##############..#
#@.# #@3# #3.# #..#
#..# #..# #..# #..#


You could see Frances, a sun demon (summoned) and a smoke demon.

Vanquished Creatures
  A death cob (D)
  An eidolon (D)
  A hydra (D)
  An anaconda (D)
  A boulder beetle (D)
  2 demonic crawlers (D)
  Sonja (D)
  An arcanist (D)
  A lindwurm (D)
  A deep elf zephyrmancer (D)
  An elephant (D)
  2 smoke demons (D)
  A gargoyle (D)
  A rust devil (D)
  An orange demon (D)
  A cane toad (D)
  A kobold demonologist (D)
  A komodo dragon (D)
  An efreet (D)
  An ice devil (D)
  A merfolk (D)
  A tyrant leech (D)
  A red devil (D)
  A troll (D)
  A tarantella (D)
  A jumping spider (D)
  A ynoxinul (D)
  Grum (D)
  2 redbacks (D)
  Pargi (D)
  An ogre (D)
  2 laughing skulls (D)
  A crocodile (D)
  6 wolves (D)
  A phantom (D)
  4 kobold brigands (D)
  A brain worm (D)
  A bullfrog (D)
  A gnoll sergeant (D)
  9 wights (D)
  3 killer bees (D)
  A quasit (D)
  2 iguanas (D)
  An iron imp (D)
  2 adders (D)
  5 gnolls (D)
  2 river rats (D)
  2 white imps (D)
  A ribbon worm (D)
  A dart slug (D)
  A ball python (D)
  2 bats (D)
  A bat zombie (D)
  A giant cockroach (D)
  4 jackals (D)
  A quokka (D)
  A frilled lizard (D)
  A giant cockroach zombie (D)
  6 kobolds (D)
  A quokka zombie (D)
  A rat (D)
100 creatures vanquished.

Notes
Turn   | Place    | Note
-------+----------+-------------------------------------------
     0 | D        | rocky1 the Mountain Dwarf Fighter began the quest for the
                  | Orb.
     0 | D        | Reached XP level 1. HP: 19/19 MP: 1/1
    24 | D        | Reached XP level 2. HP: 16/27 MP: 2/2
   274 | D        | Found a bloodstained altar of Trog.
   274 | D        | Found a shimmering blue altar of Sif Muna.
   274 | D        | Found a viscous altar of Jiyva.
   274 | D        | Found a hazy altar of Hepliaklqana.
   274 | D        | Found an opulent altar of Gozag.
   275 | D        | Found a glowing golden altar of the Shining One.
   275 | D        | Found a glowing silver altar of Zin.
   275 | D        | Found a basalt altar of Yredelemnul.
   275 | D        | Found a shimmering altar of Xom.
   275 | D        | Found an ornate altar of the Wu Jian Council.
   275 | D        | Found a sacrificial altar of Ru.
   275 | D        | Found a stormy altar of Qazlal.
   275 | D        | Found an iron altar of Okawaru.
   275 | D        | Found a sparkling altar of Nemelex Xobeh.
   275 | D        | Found a burning altar of Makhleb.
   275 | D        | Found a blossoming altar of Fedhas.
   275 | D        | Found a white marble altar of Elyvilon.
   275 | D        | Found a shadowy altar of Dithmenos.
   275 | D        | Found a snail-covered altar of Cheibriados.
   279 | D        | Found a roughly hewn altar of Beogh.
   279 | D        | Found a corrupted altar of Lugonu.
   279 | D        | Found a radiant altar of Vehumet.
   280 | D        | Found a broken altar of Ashenzari.
   280 | D        | Found an ancient bone altar of Kikubaaqudgha.
   280 | D        | Found a hide-covered altar of Uskayaw.
   282 | D        | Became a worshipper of Gozag Ym Sagoz the Greedy
   379 | D        | Reached skill level 5 in Maces & Flails
   379 | D        | Reached skill level 5 in Shields
   379 | D        | Reached XP level 3. HP: 24/34 MP: 3/3
   586 | D        | Noticed a wight
   586 | D        | Noticed a wight
   586 | D        | Noticed a wight
   587 | D        | Noticed Pargi
   587 | D        | Noticed a wight
   587 | D        | Noticed a wight
   587 | D        | Noticed an ogre
   597 | D        | Killed a wight
   598 | D        | Reached skill level 5 in Fighting
   598 | D        | Reached skill level 5 in Armour
   598 | D        | Reached XP level 4. HP: 42/42 MP: 4/4
   600 | D        | Reached skill level 1 in Dodging
   600 | D        | Reached XP level 5. HP: 49/49 MP: 5/5
   603 | D        | Reached skill level 1 in Stealth
   606 | D        | Reached skill level 10 in Maces & Flails
   610 | D        | Reached XP level 6. HP: 58/58 MP: 6/6
   642 | D        | Killed Pargi
   666 | D        | Reached XP level 7. HP: 52/66 MP: 7/7
  1066 | D        | Noticed an ice devil
  1077 | D        | Killed an ice devil
  1561 | D        | Noticed a redback
  1573 | D        | Killed a redback
  1574 | D        | Reached skill level 15 in Maces & Flails
  1574 | D        | Reached XP level 8. HP: 43/74 MP: 8/8
  1734 | D        | Noticed a demonic crawler
  1734 | D        | Noticed an elephant
  1744 | D        | Killed an elephant
  1745 | D        | Reached skill level 5 in Axes
  1753 | D        | HP: 3/75 [demonic crawler (10)]
  1821 | D        | Killed a demonic crawler
  1822 | D        | Reached skill level 9 in Axes
  1822 | D        | Reached XP level 9. HP: 15/83 MP: 9/9
  2142 | D        | Noticed a cane toad
  2147 | D        | Killed a cane toad
  2148 | D        | Reached skill level 10 in Axes
  2191 | D        | Noticed a troll
  2191 | D        | Noticed an efreet
  2201 | D        | Reached skill level 11 in Axes
  2201 | D        | Reached skill level 10 in Armour
  2209 | D        | Killed an efreet
  2210 | D        | Reached skill level 12 in Axes
  2220 | D        | Killed a troll
  2589 | D        | Noticed a deep elf zephyrmancer
  2598 | D        | Killed a deep elf zephyrmancer
  2599 | D        | Reached skill level 10 in Fighting
  2609 | D        | Noticed a red devil
  2609 | D        | Noticed a merfolk
  2624 | D        | Killed a merfolk
  2625 | D        | Reached skill level 13 in Axes
  2628 | D        | Killed a red devil
  2629 | D        | Reached XP level 10. HP: 32/94 MP: 10/10
  3115 | D        | Noticed a gargoyle
  3115 | D        | Noticed a boulder beetle
  3140 | D        | Killed a gargoyle
  3141 | D        | Reached skill level 14 in Axes
  3151 | D        | Killed a boulder beetle
  3719 | D        | Noticed an arcanist
  3720 | D        | Noticed an orange demon
  3733 | D        | Reached skill level 15 in Axes
  3750 | D        | Killed an orange demon
  3755 | D        | Killed an arcanist
  3758 | D        | Noticed an eidolon
  3786 | D        | Killed an eidolon
  3787 | D        | Reached skill level 16 in Axes
  3787 | D        | Reached skill level 10 in Shields
  4206 | D        | Bought a potion of might for 48 gold pieces
  4206 | D        | Bought the +5 plate armour of Japlul {rPois Regen+} for 710
                  | gold pieces
  4206 | D        | Bought a scroll of enchant weapon for 90 gold pieces
  4206 | D        | Bought a potion of brilliance for 48 gold pieces
  4339 | D        | Noticed a smoke demon
  4340 | D        | Noticed a smoke demon
  4340 | D        | Noticed Grum
  4340 | D        | Noticed a rust devil
  4361 | D        | Reached XP level 11. HP: 77/107 MP: 11/11
  4372 | D        | Killed Grum
  4764 | D        | Learned a level 8 spell: Ignition
  4902 | D        | Reached skill level 1 in Fire Magic
  5128 | D        | Noticed a demonic crawler
  5128 | D        | Noticed an anaconda
  5136 | D        | Killed an anaconda
  5137 | D        | Reached skill level 1 in Spellcasting
  5141 | D        | Killed a demonic crawler
  5142 | D        | Reached skill level 15 in Fighting
  5270 | D        | Noticed a death cob
  5286 | D        | Killed a death cob
  5307 | D        | Noticed an eight-headed hydra
  5309 | D        | Noticed Sonja
  5315 | D        | Killed an eight-headed hydra
  5316 | D        | Reached skill level 5 in Fire Magic
  5340 | D        | Killed Sonja
  5383 | D        | Noticed a lindwurm
  5383 | D        | Noticed Frances
  5388 | D        | Killed a lindwurm
  5392 | D        | Noticed a sun demon
  5398 | D        | Mangled by a sun demon

Illustrated notes

Levels and vault maps discovered:
D:        pitsprint [storerooms_1, entrance_room_1, metal_vault_2, armoury_1,
          mini_pit_1, grid_room_1, main_hall_1, silver_pit, the_coven_3,
          the_vestibule_1, steel_vault_4, golden_pit, hallway_of_sentries,
          crystal_vault_4, iron_vault_4, final_vault]

Skill      XL: |  1  2  3  4  5  6  7  8  9 10 11 |
---------------+----------------------------------+-----
Fighting       | 4 5 6 7 8 9 10 13 15 | 15.7
Maces & Flails | 3 5 7 8 10 12 15 | 15.3
Armour         | 4 5 6 7 8 9 11 13 14 | 14.9
Shields        | 4 5 6 7 8 9 10 11 | 11.7
Dodging        | 1 2 3 |  3.1
Stealth        | 1 2 3 |  3.2
Axes           | 9 13 16 | 16.3
Fire Magic     | 5 |  5.8
Spellcasting   | 3 |  3.9
Throwing       | |  0.1

Action                     |  1- 3 |  4- 6 |  7- 9 | 10-12 || total
---------------------------+-------+-------+-------+-------++-------
  Melee: Flail             |    56 |       |       |       ||    56
         Mace              |     2 |    47 |    47 |     5 ||   101
         Broad axe         |       |       |    92 |   186 ||   278
  Throw: Dart              |       |       |       |     1 ||     1
 Invoke: Potion Petition   |       |       |     1 |     1 ||     2
         Call Merchant     |       |       |       |     1 ||     1
    Use: Potion            |     2 |       |     6 |    10 ||    18
         Scroll            |       |     1 |     1 |       ||     2
   Stab: Distracted        |     1 |       |     2 |     1 ||     4
 Armour: Scale mail        |    76 |       |       |       ||    76
         Plate armour      |     6 |    25 |   165 |   236 ||   432
  Dodge: Dodged            |    58 |    12 |    46 |    85 ||   201
  Block: Buckler           |    26 |    13 |    38 |    69 ||   146

Table legend: (Time is in decaauts)
 A = Elapsed time spent in this place.
 B = Non-inter-level travel time spent in this place.
 C = Inter-level travel time spent in this place.
 D = Time resting spent in this place.
 E = Time spent auto-exploring this place.
 F = Levels seen in this place.
 G = Mean time per level.
                   A        B        C        D        E       F      G
               +--------+--------+--------+--------+--------+-----+--------+
         Total |   5335 |   5274 |     61 |   3920 |      0 |   1 | 5335.0 |
       Dungeon |   5335 |   5274 |     61 |   3920 |      0 |   1 | 5335.0 |
               +--------+--------+--------+--------+--------+-----+--------+

Top non-repeatable levels by time:
       D: 5335 daAuts
